 Dungeon Crawl Stone Soup version 0.18-a0-1350-g404b4cb (webtiles) character file.

819 M4edhros the Martial Artist (level 7, 0/52 HPs)
             Began as a Mummy Monk on Feb 18, 2016.
             Slain by a centaur (7 damage)
             ... on level 5 of the Dungeon.
             The game lasted 00:14:03 (12643 turns).

M4edhros the Martial Artist (Mummy Monk)           Turns: 12643, Time: 00:14:03

Health: 0/52       AC:  2    Str: 14    XL:     7   Next: 63%
Magic:  7/7        EV: 13    Int:  9    God:
Gold:   268        SH:  0    Dex: 17    Spells: 0 memorised, 6 levels left

rFire  x . .     SeeInvis .       - Unarmed
rCold  + . .     Gourm    .     (no armour)
rNeg   + + +     Faith    .     (no shield)
rPois  ∞         Spirit   .     s - +0 helmet
rElec  .         Dismiss  .     (no cloak)
rCorr  .         Reflect  .     m - +0 pair of gloves
SustAt .         Harm     .     (no boots)
MR     .....                    (no amulet)
Stlth  ++........               (no ring)
                                (no ring)

@: not resistant to hostile enchantments, unstealthy
A: no food or potions, fire vulnerability, cold resistance 1, negative energy
resistance 3, torment resistance, unbreathing
a: no special abilities


You were on level 5 of the Dungeon.
You were not hungry.

You visited 2 branches of the dungeon, and saw 6 of its levels.

You collected 268 gold pieces.

Inventory:

Armour
 m - a +0 pair of gloves (worn)
 s - a +0 helmet (worn)
Wands
 d - a wand of flame (19/48)
 o - a wand of iceblast (8/15)
 r - a wand of confusion (15/48)
Scrolls
 a - a scroll of immolation {unknown}
 b - a scroll of amnesia {unknown}
 c - a scroll of enchant armour {unknown}
 e - 4 scrolls of random uselessness
 f - a scroll of blinking
 g - 2 scrolls of fog {unknown}
 h - 3 scrolls of enchant weapon
 i - a scroll of fear {unknown}
 j - a scroll of magic mapping
 l - a scroll of noise {unknown}
 n - 2 scrolls of teleportation {unknown}
 p - 2 scrolls of remove curse {unknown}
 q - 4 scrolls of identify
Comestibles
 k - 5 fruits (quivered)


   Skills:
 - Level 3.0 Fighting
 - Level 2.4 Dodging
 - Level 1.5 Stealth
 + Level 8.0 Unarmed Combat


You had 6 spell levels left.
You didn't know any spells.

Dungeon Overview and Level Annotations

Branches:
Dungeon (5/15)             Temple (1/1) D:4

Altars:
Dithmenos
Fedhas
Gozag
Kikubaaqudgha
Makhleb
Okawaru
Vehumet

Annotations:
D:4 Eustachio
D:5 exclusion: centaur, Sigmund


Innate Abilities, Weirdness & Mutations

You do not eat or drink.
Your flesh is vulnerable to fire.
You are immune to poison.
Your flesh is cold resistant.
You are immune to negative energy.
You are immune to unholy pain and torment.
You can survive without breathing.


Message History

The centaur is moderately wounded.
The centaur hits you.
You hit the centaur.
The centaur is heavily wounded.
The centaur hits you.
You hit the centaur but do no damage.
The centaur is heavily wounded.
The centaur hits you!
* * * LOW HITPOINT WARNING * * *
The centaur hits you.
* * * LOW HITPOINT WARNING * * *
You hit the centaur.
The centaur is heavily wounded.
The centaur hits you.
* * * LOW HITPOINT WARNING * * *
You hit the centaur but do no damage.
You punch the centaur, but do no damage.
The centaur is heavily wounded.
The centaur hits you!
You die...

......#..........#..............#
......#..........'.........@.[..#
......#..........#...)(...%.....#
......#######....#..............#
......#....##....###'###........#
......#................#........#
......#................#........#
......#.........(.(....#........#
......#######..%@##....#........#
......#....##..c.#######........#
......#............ #........#
......#............. #........#
......#............... +........#
......#...............
......#...............
......#................
......#......... .


You could see a centaur.

Vanquished Creatures
  An ice beast (D:4)
  A necrophage (D:5)
  A scorpion (D:4)
  2 hounds (D:5)
  An orc priest (D:4)
  6 orc wizards
  Jessica (D:2)
  4 worker ants
  A hound skeleton (D:5)
  8 adders
  An ooze (D:1)
  An adder skeleton (D:4)
  2 worms (D:4)
  6 giant geckos
  14 orcs
  3 giant cockroaches
  5 goblins
  12 hobgoblins
  10 jackals
  9 kobolds
  3 quokkas
  A ball python (D:2)
  8 bats
  A giant gecko skeleton (D:4)
  3 giant newts
  10 rats
115 creatures vanquished.

Notes
Turn   | Place    | Note
--------------------------------------------------------------
     0 | D:1      | M4edhros the Mummy Monk began the quest for the Orb.
     0 | D:1      | Reached XP level 1. HP: 18/18 MP: 1/1
   409 | D:1      | Reached XP level 2. HP: 22/24 MP: 2/2
  1341 | D:1      | Reached skill level 4 in Unarmed Combat
  2118 | D:2      | Reached XP level 3. HP: 13/29 MP: 3/3
  2571 | D:2      | Noticed Jessica
  2582 | D:2      | Killed Jessica
  2582 | D:2      | Reached XP level 4. HP: 28/35 MP: 4/4
  3412 | D:3      | Reached skill level 5 in Unarmed Combat
  5056 | D:3      | Found an opulent altar of Gozag.
  5957 | D:3      | Reached XP level 5. HP: 32/41 MP: 5/5
  7644 | D:4      | Found a staircase to the Ecumenical Temple.
  7666 | D:4      | Noticed Eustachio
  7750 | D:4      | Reached skill level 6 in Unarmed Combat
  7750 | D:4      | Reached XP level 6. HP: 47/47 MP: 6/6
  7881 | D:4      | Noticed an ice beast
  9779 | D:4      | Killed an ice beast
 10113 | D:5      | Entered Level 5 of the Dungeon
 10511 | D:5      | Reached skill level 7 in Unarmed Combat
 10511 | D:5      | Reached XP level 7. HP: 34/52 MP: 7/7
 10697 | D:5      | Noticed Sigmund
 10736 | Temple   | Entered the Ecumenical Temple
 11928 | D:5      | Found a radiant altar of Vehumet.
 12091 | D:5      | Found a burning altar of Makhleb.
 12508 | D:5      | Reached skill level 8 in Unarmed Combat
 12643 | D:5      | Slain by a centaur

Vault maps used:
D:1:      sevenhm_arrival_forest_fort_small_4, hex_medium, st_stairs_10
D:2:      uniq_jessica
D:3:      lemuel_round_altar
D:4:      minmay_temple_entry_grid, supply_closet_lemuel, uniq_eustachio
D:5:      kennysheep_mini, makhleb_heckhound_becter, first_bread, uniq_sigmund
Temple:   circular_temple_6

Action                   |  1- 3 |  4- 6 |  7- 9 || total
-------------------------+-------+-------+-------++-------
Melee: Unarmed           |    85 |   383 |   108 ||   576
  Use: Scroll            |       |     6 |       ||     6
 Stab: Sleeping          |       |     3 |     2 ||     5
       Distracted        |       |       |     1 ||     1
